AoeStats
← 西溪梨

Hideout

509113383Analyzed
1v1 RM · 22d ago on Sep 25, 2026· 48m 35s· 2 players
Game mode
Random Map
Map size
Tiny (2 player)
Population
200
Speed
Normal
Resources
Standard
Victory
Conquest
Starting age
Dark Age
Ending age
Imperial Age
RankedLock teamsTeams togetherTeam positionsShared explorationLock speedFull tech treeHidden civsTurbo modeCheats
Victory
Defeat
🇨🇳 Italians · China
1836
+14
vs
🇨🇴 Burmese · Colombia
1794
-14
[GDL] Capitan Nicky
6:19 Loom
8:46 Feudal Age
8:54 Man-at-Arms
9:46 Arson
15:34 Town Watch
17:09 Fletching
18:35 Wheelbarrow
21:50 Castle Age
20:26 Horse Collar
20:37 Gold Mining
29:21 Scale Barding Armor
29:26 Forging
29:59 Gold Shaft Mining
29:27 Heavy Plow
32:06 Hand Cart
32:30 Bloodlines
33:15 Chain Barding Armor
36:40 Husbandry
39:42 Imperial Age
37:53 Husbandry
41:15 Ballistics
40:50 Heavy Scorpion
43:01 Chemistry
41:36 Light Cavalry
42:53 Plate Barding Armor
42:50 Siege Engineers
42:37 Hussar
43:59 Iron Casting
西溪梨
9:26 Feudal Age
8:42 Loom
15:22 Double-Bit Axe
15:50 Fletching
17:51 Padded Archer Armor
20:45 Castle Age
19:37 Horse Collar
20:47 Crossbowman
21:28 Bodkin Arrow
23:52 Bow Saw
24:49 Gold Mining
29:44 Scale Barding Armor
31:39 Wheelbarrow
33:17 Ballistics
36:18 Imperial Age
34:26 Stone Mining
35:07 Leather Archer Armor
36:22 Hand Cart
35:52 Town Watch
36:34 Bloodlines
36:24 Husbandry
38:10 Chemistry
37:49 Bracer
38:33 Conscription
41:54 Conscription
42:25 Ring Archer Armor
41:20 Light Cavalry
42:09 Hussar
43:12 Chain Barding Armor
43:02 Forging
45:15 Plate Barding Armor
47:16 Iron Casting
Connection lost

Rejoining the realm…

Still unreachable

The connection could not be restored.

Session expired

The server has moved on; the page needs a fresh start.